 Dungeon Crawl Stone Soup version 0.30-a0-808-g6e0788376e (webtiles) character file.

Game seed: 16940446114770728410

1185 Zonian the Insei (level 8, -2/42 HPs)
             Began as a Vine Stalker Transmuter on Feb 27, 2023.
             Slain by an unseen horror (4 damage)
             ... on level 6 of the Dungeon.
             The game lasted 00:11:01 (5600 turns).

Zonian the Insei (Vine Stalker Transmuter)          Turns: 5600, Time: 00:11:02

Health: -2/42      AC:  4    Str: 15    XL:     8   Next: 42%
Magic:  0/16       EV: 13    Int: 13    God:
Gold:   246        SH:  0    Dex: 15    Spells: 13/16 levels left

rFire   + + .      SeeInvis .      - Unarmed
rCold   + . .      Faith    .    (no shield)
rNeg    . . .      Spirit   +    d - +2 robe {rC+ rF+}
rPois   .          Reflect  .    (helmet currently unavailable)
rElec   .          Harm     .    (no cloak)
rCorr   .          Rampage  .    (no gloves)
Will    +....                    (boots currently unavailable)
Stlth   +                        (no amulet)
HPRegen 1.07/turn                m - ring of protection from fire
MPRegen 0.15/turn                (no ring)

@: appendages (expiring)
A: horns 2, talons 2, fangs 3, regeneration 1, magic shield, antimagic bite, no
potion heal 2
a: End Transformation


You were on level 6 of the Dungeon.
You had temporarily grown beastly horns and talons.
You visited 1 branch of the dungeon, and saw 6 of its levels.

You collected 246 gold pieces.

Inventory:

Hand Weapons
 j - a +0 dagger of speed
 l - a +1 whip of draining
 r - the +11 Singing Sword {sonic wave}
   (You found it on level 4 of the Dungeon)
Missiles
 e - a throwing net
 i - 9 curare-tipped darts
Armour
 a - a +0 robe
 d - a +2 robe of resistance (worn)
Magical Staves
 h - a staff of earth
Jewellery
 k - a ring of fire
 m - a ring of protection from fire (left hand)
Wands
 f - a wand of flame (12)
Scrolls
 q - a scroll of fear
Potions
 b - a potion of lignification
 c - a potion of magic {unknown}
 g - 3 potions of brilliance {unknown}
 n - a potion of mutation {unknown}
 o - a potion of ambrosia
 p - 2 potions of degeneration
 s - a potion of attraction {unknown}
 t - a potion of resistance {unknown}
 u - a potion of cancellation {unknown}
 v - a potion of heal wounds {unknown}


   Skills:
 + Level 3.9 Fighting
 + Level 3.9 Dodging
 + Level 5.2 Unarmed Combat
 + Level 4.8 Spellcasting
 + Level 4.6 Transmutations


You had 13 spell levels left.
You knew the following spells:

 Your Spells              Type           Power      Damage    Failure   Level
a - Beastly Appendage     Tmut           30%        N/A       2%          1
b - Wereblood             Tmut           15%        N/A       4%          2

Your spell library contained the following spells:

 Spells                   Type           Power      Damage    Failure   Level
 Passwall                 Tmut/Erth      7%         N/A       11%         2
 Magic Dart               Conj           12%        1d3       19%         1
 Sandblast                Erth           6%         2d5       19%         1
 Spider Form              Tmut/Pois      9%         N/A       22%         3
 Call Imp                 Summ           3%         N/A       28%         2
 Mephitic Cloud           Conj/Pois/Air  3%         N/A       50%         3
 Portal Projectile        Hex/Tloc       6%         N/A       50%         3
 Stone Arrow              Conj/Erth      6%         3d7       50%         3
 Tukima's Dance           Hex            3%         N/A       50%         3
 Ice Form                 Ice/Tmut       9%         N/A       58%         4
 Blade Hands              Tmut           7%         N/A       61%         5


Dungeon Overview and Level Annotations

Branches:
Dungeon (6/15)
 Temple: D:4-7

Altars:
Ru
Vehumet

Shops:
D:5 *

Annotations:
D:5 Dowan, Duvessa


Innate Abilities, Weirdness & Mutations

You have temporarily grown beastly horns and talons.
You have razor-sharp teeth.
Your natural rate of healing is unusually fast.
When hurt, damage is shared between your health and your magic reserves.
Your bite disrupts and absorbs the magic of your enemies.
Potions cannot restore your health.


Message History

Your bite misses something. Something hits you but does no damage.
Something hits you.
You closely miss something. Your kick misses something.
Your headbutt misses something. You bite something! You drain its power.
You feel invigorated. Something hits you but does no damage.
Something hits you.
You closely miss something. Your kick misses something. Something hits you!
You barely miss something. You claw something. Something hits you!
Something hits you.
Okay, then.
You miss something. You bite something. You drain its power.
You feel invigorated. Something hits you but does no damage.
Something hits you but does no damage.
Something barely misses you. x2; Something hits you.
You hit something but do no damage. Your headbutt misses something.
You bite something. You drain its power.
You feel invigorated. Something hits you.
Something hits you but does no damage.
You closely miss something. You claw something. Something barely misses you.
Something hits you!
* * * LOW HITPOINT WARNING * * *
You closely miss something. Your kick misses something.
Your headbutt misses something. Your bite misses something.
Something barely misses you.
You punch something! Your kick misses something. Your bite misses something.
Something barely misses you.
Your transformation is almost over.
Something hits you.
* * * LOW HITPOINT WARNING * * *
Something hits you but does no damage. Something hits you!
* * * LOW HITPOINT WARNING * * *
You closely miss something. Your kick misses something.
Your headbutt misses something. Your punch misses something.
You bite something. You drain its power.
You feel invigorated. Something hits you but does no damage.
Something hits you!
* * * LOW HITPOINT WARNING * * *
You barely miss something. Your kick misses something.
Your punch misses something. Your bite misses something. Something hits you.
* * * LOW HITPOINT WARNING * * *
Something hits you.
You die...

#.####.## #.# #.......#
#.# .# ######.## #.# .#
#######.# #.# .#
........# #.# .####
######..# #.# ##.... #
######..# #.# #...#..##
........####.####.......#
#.####....†.....@.#
#............####.......#
#####..####### #########
#..# #..# #..# ...# ##..#


There were no monsters in sight!

Vanquished Creatures
  Prince Ribbit (D:5)
  A water moccasin (D:5)
  2 black bears (D:5)
  Blork the orc (D:5)
  5 scorpions
  A jelly (D:6)
  A hound (D:4)
  An orc priest (D:4)
  An iguana (D:4)
  An orc wizard (D:4)
  4 gnolls
  7 adders
  A white imp (D:6)
  An ufetubus (D:4)
  A worm (D:3)
  3 dart slugs
  8 orcs
  5 endoplasms
  5 giant cockroaches
  8 goblins
  4 hobgoblins
  3 jackals (D:2)
  5 kobolds
  2 quokkas (D:4)
  4 ball pythons (D:1)
  8 bats
  2 frilled lizards
  4 rats
90 creatures vanquished.

Vanquished Creatures (others)
  3 fungi (D:4)
  A plant (D:4)
4 creatures vanquished.

Grand Total: 94 creatures vanquished

Notes
Turn   | Place    | Note
-------+----------+-------------------------------------------
     0 | D:1      | Zonian the Vine Stalker Transmuter began the quest for the
                  | Orb.
     0 | D:1      | Reached XP level 1. HP: 9/9 MP: 4/4
   140 | D:1      | Reached skill level 1 in Fighting
   156 | D:1      | Reached XP level 2. HP: 11/14 MP: 6/6
   171 | D:1      | Found a faded altar of an unknown god.
   401 | D:1      | Reached XP level 3. HP: 18/18 MP: 7/7
   681 | D:2      | Learned a level 2 spell: Wereblood
  1291 | D:2      | Gained mutation: Your natural rate of healing is unusually
                  | fast. [Vine Stalker growth]
  1291 | D:2      | Reached XP level 4. HP: 20/22 MP: 7/9
  2111 | D:3      | Reached XP level 5. HP: 17/26 MP: 4/10
  2625 | D:4      | Found a sacrificial altar of Ru.
  2716 | D:4      | Found a radiant altar of Vehumet.
  2872 | D:4      | Reached skill level 4 in Unarmed Combat
  2872 | D:4      | Reached XP level 6. HP: 13/31 MP: 5/12
  3293 | D:4      | Found the +11 Singing Sword {sonic wave}
  3536 | D:4      | Reached XP level 7. HP: 18/35 MP: 6/13
  4502 | D:5      | Entered Level 5 of the Dungeon
  5110 | D:5      | Noticed Blork the orc
  5132 | D:5      | Killed Blork the orc
  5133 | D:5      | Gained mutation: You have razor-sharp teeth. [Vine Stalker
                  | growth]
  5133 | D:5      | Reached XP level 8. HP: 15/40 MP: 10/15
  5225 | D:5      | Reached skill level 5 in Unarmed Combat
  5238 | D:5      | Found Omniasis's General Store.
  5238 | D:5      | Noticed Dowan
  5243 | D:5      | Noticed Duvessa
  5278 | D:5      | Noticed Prince Ribbit
  5288 | D:5      | Killed Prince Ribbit
  5599 | D:6      | HP: 1/42 [something (3)]
  5600 | D:6      | Slain by an unseen horror

Illustrated notes

Levels and vault maps discovered:
D:1:      wheals_arrival_shading, layout_rooms, basic_ecumenical_altar,
          chequers_jeans
D:2:      layout_loops_cross, amcnicky_mini_corridor_feature
D:3:      layout_rooms
D:4:      old_forge, layout_basic, vehumet_altar_wand_db,
          mainiacjoe_overflow_concentric_impassable, hangedman_decor_opposing
D:5:      layout_loops_ring, serial_shops, shop, uniq_duvessa,
          uniq_prince_ribbit1, uniq_blork_the_orc
D:6:      layout_loops_ring, kennysheep_little_box, serial_shops,
          nicolae_shop_stone

Skill      XL: |  1  2  3  4  5  6  7  8 |
---------------+-------------------------+-----
Fighting       | 1 2 3 |  3.9
Dodging        | 2 3 |  3.9
Spellcasting   | 3 4 |  4.8
Transmutations | 3 4 |  4.6
Unarmed Combat | 4 5 |  5.2

Action                     |  1- 3 |  4- 6 |  7- 9 || total
---------------------------+-------+-------+-------++-------
  Melee: Unarmed           |    96 |   109 |    94 ||   299
         Bite              |    15 |    28 |    24 ||    67
         Punch             |     7 |     4 |     1 ||    12
         Kick              |     7 |    28 |    23 ||    58
         Headbutt          |     2 |    25 |     7 ||    34
  Throw: Dart              |       |     4 |     8 ||    12
         Throwing net      |       |       |     1 ||     1
   Cast: Beastly Appendage |     4 |    22 |    11 ||    37
  Evoke: Wand              |       |       |     2 ||     2
    Use: Scroll            |       |     5 |     4 ||     9
         Potion            |       |     1 |     2 ||     3
 Armour: Robe              |    11 |    20 |    14 ||    45
  Dodge: Dodged            |    60 |    66 |    78 ||   204

Table legend: (Time is in decaauts)
 A = Elapsed time spent in this place.
 B = Non-inter-level travel time spent in this place.
 C = Inter-level travel time spent in this place.
 D = Time resting spent in this place.
 E = Time spent auto-exploring this place.
 F = Levels seen in this place.
 G = Mean time per level.
                   A        B        C        D        E       F      G
               +--------+--------+--------+--------+--------+-----+--------+
         Total |   5577 |   5457 |    120 |   2346 |   2051 |   6 |  929.5 |
       Dungeon |   5577 |   5457 |    120 |   2346 |   2051 |   6 |  929.5 |
               +--------+--------+--------+--------+--------+-----+--------+

Top non-repeatable levels by time:
     D:4: 1870 daAuts
     D:2: 1131 daAuts
     D:3: 954 daAuts
     D:5: 938 daAuts
     D:1: 530 daAuts
     D:6: 152 daAuts
